 Dungeon Crawl Stone Soup version 0.31-a0-150-g89dc3ad700 (webtiles) character file.

Game seed: 18344723385397227673

727 qw the Skirmisher (level 7, -3/61 HPs)
             Began as a Minotaur Hunter on June 8, 2023.
             Was an Initiate of Okawaru.
             Slain by a gnoll bouda
             ... wielding a +0 whip
              (9 damage)
             ... on level 5 of the Dungeon.
             The game lasted 00:01:30 (4648 turns).

qw the Skirmisher (Minotaur Hunter)                 Turns: 4648, Time: 00:01:30

Health: -3/61      AC:  6    Str: 19    XL:     7   Next: 44%
Magic:  6/6        EV: 11    Int:  6    God:    Okawaru [......]
Gold:   274        SH:  0    Dex: 15    Spells: 6/6 levels left

rFire   . . .        Y - +2 shortbow
rCold   . . .        (shield currently unavailable)
rNeg    . . .        d - +0 ring mail
rPois   +            (helmet restricted)
rElec   .            (no cloak)
rCorr   .            b - +0 pair of gloves {Str+3}
SInv    .            (no boots)
Will    .....        h - amulet of the acrobat
Stlth   +            f - ring of poison resistance
HPRegen 0.30/turn    (no ring)
MPRegen 0.10/turn

%: acrobat
@: weakened
A: horns 2, retaliatory headbutt
a: Renounce Religion


You were on level 5 of the Dungeon.
You worshipped Okawaru.
Okawaru was noncommittal.
You visited 1 branch of the dungeon, and saw 6 of its levels.

You collected 274 gold pieces.


Innate Abilities, Weirdness & Mutations

You have a pair of horns on your head.
You reflexively headbutt those who attack you in melee.


   Skills:
 - Level 5.6 Fighting
 + Level 8.6 Ranged Weapons
 - Level 2.3 Armour
 - Level 2.1 Dodging
 - Level 0.7 Stealth


You had 6 spell levels left.
You didn't know any spells.
Your spell library was empty.

Inventory:

Hand Weapons
 Y - a +2 shortbow (weapon)
Armour
 b - a +0 pair of gloves of strength (worn)
 d - a +0 ring mail (worn)
Jewellery
 f - a ring of poison resistance (left hand)
 h - an amulet of the acrobat (around neck)
Scrolls
 a - a scroll of identify
Potions
 g - a potion of haste
 i - a potion of might {unknown}
 j - 3 potions of curing

Dungeon Overview and Level Annotations

Branches:
Dungeon (6/15)
 Temple: D:4-7

Altars:
Ashenzari
Cheibriados
Elyvilon
Kikubaaqudgha
Okawaru
Sif Muna
Xom
Yredelemnul

Shops:
D:1 (=   D:4 =[

Annotations:
D:3 2 runed translucent doors, qw's ghost, amateur MiHu


Message History

You shoot an arrow. The arrow hits the gnoll bouda.
The gnoll bouda is lightly wounded.
The gnoll hits you but does no damage.
The gnoll hits you from afar with a +0 spear.
The gnoll bouda barely misses you.
You shoot an arrow. The arrow hits the gnoll bouda.
The gnoll bouda is lightly wounded.
The gnoll closely misses you. The gnoll barely misses you.
The gnoll bouda hits you with a +0 whip.
The gnoll hits you with a +0 club.
The gnoll bouda hits you with a +0 whip.
The gnoll hits you from afar with a +0 spear.
4642 ||| STAIRDANCE The gnoll hits you with a +0 club.
The gnoll hits you from afar with a +0 spear.
The gnoll bouda hits you with a +0 whip!
You climb upwards.
There is a stone staircase leading down here.
You shoot an arrow. The arrow hits the gnoll bouda!
The gnoll bouda is heavily wounded.
You shoot an arrow. The arrow hits the gnoll bouda.
The gnoll bouda is severely wounded.
The gnoll bouda hits you with a +0 whip!
The gnoll hits you with a +0 club.
The gnoll bouda hits you with a +0 whip.
The gnoll hits you but does no damage.
You shoot an arrow.
The arrow hits the gnoll bouda but does no damage.
The gnoll bouda is severely wounded.
The gnoll bouda closely misses you. The gnoll misses you.
You shoot an arrow.
The arrow barely misses the gnoll bouda.
The gnoll bouda gazes fiercely through you!
You feel your attacks grow feeble.
The gnoll bouda hits you with a +0 whip!
The gnoll hits you with a +0 club.
You shoot an arrow.
The arrow completely misses the gnoll bouda.
The gnoll bouda hits you with a +0 whip!
You die...

### ##########..
#........#..
########
#........#..
#......#
#........#..
#......#
#........##.
#......#
#........##.
#......#
#######...........
#......#
#@g..........#....
#......#
#g#........#......
#......####
#.#####....###....
#.........# #.#
#....'.#....
#####.....# #.#
#..%.#.#####
####...(.# #.#
#....#.#####
#........####.#
#....#......
#.##..........#
#....#######
#.#####+..###.##
#....#......


You could see a gnoll bouda and a gnoll (swift).

Vanquished Creatures
  2 black bears (D:4)
  2 ogres (D:5)
  A phantom (D:5)
  A jelly (D:5)
  3 hounds
  2 iguanas
  A gnoll (D:5)
  4 adders
  An ufetubus (D:5)
  2 worms
  4 dart slugs
  An orc (D:5)
  8 endoplasms
  A giant cockroach (D:1)
  3 goblins
  10 hobgoblins
  9 jackals
  5 kobolds
  2 quokkas
  3 ball pythons
  A bat (D:2)
  A frilled lizard (D:2)
  8 rats
75 creatures vanquished.

Notes
Turn   | Place    | Note
-------+----------+-------------------------------------------
     0 | D:1      | qw the Minotaur Hunter began the quest for the Orb.
     0 | D:1      | Reached XP level 1. HP: 18/18 MP: 0/0
     0 | D:1      | 0 ||| qw: Version: 0.2-a-119-g7aa9181
     0 | D:1      | 0 ||| qw: Game counter: 2763
     0 | D:1      | 0 ||| qw: Always use a shield: true
     0 | D:1      | 0 ||| qw: God list: Okawaru
     0 | D:1      | 0 ||| qw: Allow faded altars: false
     0 | D:1      | 0 ||| qw: Do Orc after D:15 true
     0 | D:1      | 0 ||| qw: Do second Lair branch before Depths: true
     0 | D:1      | 0 ||| qw: Lair rune preference: random
     0 | D:1      | 0 ||| qw: Plans: Normal
     0 | D:1      | 0 ||| PLANNING D:1-11
     7 | D:1      | 7 ||| FLEEEEING.
    11 | D:1      | 11 ||| FLEEEEING.
   238 | D:1      | Found Zuphutz's Jewellery Emporium.
   246 | D:1      | 246 ||| SHOPLISTING +6 ring of strength (504 gold, have
                  | 19).
   246 | D:1      | 246 ||| SHOPLISTING amulet of faith (560 gold, have 19).
   246 | D:1      | 246 ||| SHOPLISTING ring of positive energy (280 gold, have
                  | 19).
   246 | D:1      | 246 ||| SHOPLISTING ring of protection from cold (350 gold,
                  | have 19).
   246 | D:1      | 246 ||| SHOPLISTING ring of willpower (350 gold, have 19).
   307 | D:1      | Reached XP level 2. HP: 25/25 MP: 1/1
   354 | D:1      | Reached skill level 5 in Ranged Weapons
   485 | D:1      | Found Ufo Xyim's Weapon Emporium.
   502 | D:1      | 502 ||| SHOPLISTING +1 arbalest of flaming (151 gold, have
                  | 53).
   502 | D:1      | 502 ||| SHOPLISTING +8 sling "Joaliasi" {freeze, rPois
                  | Str+2 Dex+5} (686 gold, have 53).
   669 | D:1      | Reached skill level 3 in Fighting
   788 | D:1      | 788 ||| UPGRADING to amulet of the acrobat.
   793 | D:1      | 793 ||| UPGRADING to ring of poison resistance.
   794 | D:1      | 794 ||| READING scroll labelled GODIYLA RUOKHITY.
   795 | D:1      | 795 ||| DRINKING 3 blue potions.
   796 | D:1      | 796 ||| DROPPING scroll of butterflies.
  1022 | D:2      | Found a faded altar of an unknown god.
  1183 | D:2      | 1183 ||| READING scroll of enchant weapon.
  1183 | D:2      | 1183 ||| ENCHANTING +1 shortbow.
  1427 | D:2      | 1427 ||| UPGRADING to +0 ring mail.
  1437 | D:2      | 1437 ||| DROPPING +0 leather armour.
  1438 | D:2      | 1438 ||| READING 2 scrolls labelled XILUSCH YRGHEO.
  1439 | D:2      | 1439 ||| READING scroll labelled XOAZOXKOGOU.
  1440 | D:2      | 1440 ||| READING scroll labelled WEC SIUMU.
  1521 | D:3      | Reached XP level 3. HP: 31/31 MP: 2/2
  1689 | D:3      | HP: 6/31 [iguana (13)]
  1694 | D:3      | HP: 4/31 [iguana (3)]
  1831 | D:3      | Found a large runed translucent door.
  1831 | D:3      | Found a large runed translucent door.
  1833 | D:3      | Noticed qw's ghost (amateur MiHu)
  1839 | D:3      | Reached XP level 4. HP: 38/38 MP: 3/3
  1882 | D:3      | Found a broken altar of Ashenzari.
  2522 | D:3      | 2522 ||| READING scroll labelled JESCHE RICKEIBU.
  2523 | D:3      | 2523 ||| READING 3 scrolls labelled ATEUZ HESHRIN.
  2524 | D:3      | 2524 ||| READING scroll labelled ZETELA ASSEEK.
  2525 | D:3      | 2525 ||| READING 2 scrolls of identify.
  2525 | D:3      | 2525 ||| IDENTIFYING golden potion
  2526 | D:3      | 2526 ||| DROPPING 2 scrolls of noise.
  2527 | D:3      | 2527 ||| DROPPING potion of degeneration.
  2581 | D:4      | Noticed a black bear
  2590 | D:4      | Killed a black bear
  2591 | D:4      | Reached skill level 6 in Ranged Weapons
  2591 | D:4      | Reached XP level 5. HP: 26/45 MP: 4/4
  2823 | D:4      | Noticed an animated pearl dragon scales
  2824 | D:4      | Found Cofan's Armour Shoppe.
  2827 | D:4      | Noticed an animated gold dragon scales
  2828 | D:4      | 2828 ||| DRINKING 2 murky emerald potions.
  2871 | D:4      | 2871 ||| SHOPLISTING +2 pair of gloves of stealth (236
                  | gold, have 138).
  2871 | D:4      | 2871 ||| SHOPLISTING +4 leather armour of the Albatross
                  | {rElec rPois rF- Slay+4} (550 gold, have 138).
  2871 | D:4      | 2871 ||| SHOPLISTING +4 ring mail of cold resistance (341
                  | gold, have 138).
  2912 | D:4      | Found Koehiv's Jewellery Emporium.
  2921 | D:4      | 2921 ||| SHOPLISTING +5 ring of evasion (504 gold, have
                  | 154).
  2921 | D:4      | 2921 ||| SHOPLISTING +6 ring of strength (504 gold, have
                  | 154).
  2921 | D:4      | 2921 ||| SHOPLISTING ring of protection from cold (350
                  | gold, have 154).
  2921 | D:4      | 2921 ||| SHOPLISTING ring of resist corrosion (280 gold,
                  | have 154).
  2921 | D:4      | 2921 ||| SHOPLISTING ring of willpower (350 gold, have
                  | 154).
  3133 | D:4      | Noticed a black bear
  3140 | D:4      | Killed a black bear
  3141 | D:4      | Reached XP level 6. HP: 45/55 MP: 5/5
  3291 | D:4      | Found an ancient bone altar of Kikubaaqudgha.
  3331 | D:4      | 3331 ||| READING scroll labelled MOWKAI CUICA.
  3332 | D:4      | 3332 ||| DRINKING 2 viscous golden potions.
  3333 | D:4      | 3333 ||| READING 3 scrolls of identify.
  3333 | D:4      | 3333 ||| IDENTIFYING fizzy red potion
  3334 | D:4      | 3334 ||| READING 2 scrolls of identify.
  3334 | D:4      | 3334 ||| IDENTIFYING red potion
  3335 | D:4      | 3335 ||| DROPPING potion of attraction.
  3336 | D:4      | 3336 ||| DROPPING potion of lignification.
  3337 | D:4      | 3337 ||| DROPPING potion of enlightenment.
  3375 | D:5      | Entered Level 5 of the Dungeon
  3376 | D:5      | 3376 ||| PLANNING SEWER
  3384 | D:5      | Reached skill level 7 in Ranged Weapons
  3589 | D:5      | Found a basalt altar of Yredelemnul.
  3798 | D:5      | Reached skill level 8 in Ranged Weapons
  3798 | D:5      | Reached XP level 7. HP: 60/60 MP: 6/6
  3982 | D:5      | Found a stormy altar of Qazlal.
  3984 | D:5      | Found a white marble altar of Elyvilon.
  3984 | D:5      | Found a white marble altar of Elyvilon.
  3986 | D:5      | Found a snail-covered altar of Cheibriados.
  3986 | D:5      | Found a snail-covered altar of Cheibriados.
  3986 | D:5      | Found a shimmering altar of Xom.
  4015 | D:5      | 4015 ||| RIP SEWER
  4056 | D:5      | 4056 ||| PLANNING D:1-11
  4056 | D:5      | 4056 ||| UPGRADING to +0 pair of gloves of strength.
  4061 | D:5      | 4061 ||| DRINKING 2 glowing yellow potions.
  4062 | D:5      | 4062 ||| DROPPING potion of magic.
  4113 | D:5      | 4113 ||| STAIRDANCE
  4117 | D:5      | 4117 ||| STAIRDANCE
  4121 | D:5      | 4121 ||| STAIRDANCE
  4125 | D:5      | 4125 ||| STAIRDANCE
  4129 | D:5      | 4129 ||| STAIRDANCE
  4133 | D:5      | 4133 ||| STAIRDANCE
  4137 | D:5      | 4137 ||| STAIRDANCE
  4141 | D:5      | 4141 ||| STAIRDANCE
  4145 | D:5      | 4145 ||| STAIRDANCE
  4149 | D:5      | 4149 ||| STAIRDANCE
  4153 | D:5      | 4153 ||| STAIRDANCE
  4157 | D:5      | 4157 ||| STAIRDANCE
  4161 | D:5      | 4161 ||| STAIRDANCE
  4165 | D:5      | 4165 ||| STAIRDANCE
  4169 | D:5      | 4169 ||| STAIRDANCE
  4173 | D:5      | 4173 ||| STAIRDANCE
  4177 | D:5      | 4177 ||| STAIRDANCE
  4181 | D:5      | 4181 ||| STAIRDANCE
  4185 | D:5      | 4185 ||| STAIRDANCE
  4189 | D:5      | 4189 ||| STAIRDANCE
  4271 | D:4      | Found an iron altar of Okawaru.
  4271 | D:4      | Found a shimmering blue altar of Sif Muna.
  4272 | D:4      | 4272 ||| PLANNING OKAWARU WORSHIP
  4279 | D:4      | Became a worshipper of Warmaster Okawaru
  4279 | D:4      | 4279 ||| PLANNING D:1-11
  4608 | D:6      | 4608 ||| STAIRDANCE
  4610 | D:5      | 4610 ||| PLANNING D:1-11
  4642 | D:6      | 4642 ||| STAIRDANCE
  4647 | D:5      | HP: 11/61 [gnoll bouda/+0 whip (8)]
  4648 | D:5      | Slain by a gnoll bouda

Levels and vault maps discovered:
D:1:      minmay_arrival_up_and_down, layout_loops_corners, serial_shops,
          nicolae_shop_trees, nicolae_square_shop
D:2:      layout_loops_cross, shapermc_ecumenical_altar_venn,
          minmay_misc_feat_iff
D:3:      layout_basic, evilmike_ruin_ashenzari, ebering_ghost_disaster_area,
          minmay_misc_feat_room
D:4:      layout_basic, marbit_many_paths, nicolae_overflow_hidden_temple,
          serial_shops, shop, nicolae_shop_mannequins, solitary_fountain,
          minmay_misc_feat_x
D:5:      layout_basic, mainiacjoe_overflow_chevrons, doesnt_xom_only_xom,
          portal_sewer_entry_d, feat_on_display
D:6:      layout_basic, kennysheep_mini, kennysheep_mini_moat,
          lemuel_crystal_altar

Skill      XL: |  1  2  3  4  5  6  7 |
---------------+----------------------+-----
Ranged Weapons | 5 6 8 |  8.6
Fighting       | 3 4 5 |  5.6
Armour         | 2 |  2.3
Dodging        | |  2.1
Stealth        | |  0.7

Action                     |  1- 3 |  4- 6 |  7- 9 || total
---------------------------+-------+-------+-------++-------
   Fire: Shortbow          |    79 |   129 |    33 ||   241
    Use: Scroll            |     5 |     7 |       ||    12
         Potion            |     1 |     2 |     1 ||     4
 Armour: Ring mail         |     1 |    10 |     5 ||    16
  Dodge: Dodged            |    12 |    30 |    14 ||    56

Table legend:
 A = Non-vault XP
 B = Vault XP
 C = Vault XP percentage of total XP
 D = Non-vault monster count
 E = Vault monster count
 F = Vault count percentage of total count
                 A         B        C        D         E       F
            +---------+---------+-------+---------+---------+-------
      Total |    1025 |      14 |   1.3 |      73 |       2 |   2.7
            +---------+---------+-------+---------+---------+-------
        D:1 |      28 |       0 |   0.0 |      17 |       0 |   0.0
        D:2 |      12 |       0 |   0.0 |       7 |       0 |   0.0
        D:3 |     108 |       0 |   0.0 |      15 |       0 |   0.0
        D:4 |     310 |       1 |   0.3 |      21 |       1 |   4.5
        D:5 |     567 |      13 |   2.2 |      13 |       1 |   7.1
            +---------+---------+-------+---------+---------+-------
